 Dungeon Crawl Stone Soup version 0.20.1-1-g8b1a95d (webtiles) character file.

198 Linguinho the Digger (level 5, -2/28 HPs)
             Began as a Deep Elf Earth Elementalist on Oct 28, 2017.
             Was an Initiate of Qazlal.
             Killed from afar by an orc wizard (8 damage)
             ... with a magic dart
             ... on level 4 of the Dungeon.
             The game lasted 00:18:41 (2670 turns).

Linguinho the Digger (Deep Elf Earth Elementalist)  Turns: 2670, Time: 00:18:42

Health: -2/28      AC:  2    Str:  5    XL:     5   Next: 47%
Magic:  4/14       EV: 13    Int: 21    God:    Qazlal [......]
Gold:   184        SH:  0    Dex: 15    Spells: 3/13 levels left

rFire    x . .     SeeInvis .   (no weapon)
rCold    + . .     Gourm    .   (no shield)
rNeg     . . .     Faith    .   c - +0 robe
rPois    .         Spirit   .   (no helmet)
rElec    .         Reflect  .   (no cloak)
rCorr    .         Harm     .   (no gloves)
MR       .....                  (no boots)
Stlth    ++........             (no amulet)
Regen    0.1/turn               f - ring of wizardry
MPRegen  0.2/turn               l - ring of ice

@: no status effects
A: no striking features
a: Renounce Religion


You were on level 4 of the Dungeon.
You worshipped Qazlal.
Qazlal was noncommittal.
You were not hungry.

You visited 1 branch of the dungeon, and saw 4 of its levels.

You collected 184 gold pieces.

Inventory:

Hand Weapons
 r - a +2 hand axe of venom
Missiles
 b - 93 stones (quivered)
Armour
 c - a +0 robe (worn)
 q - a +3 ring mail of cold resistance
Jewellery
 f - a ring of wizardry (left hand)
 l - a ring of ice (right hand)
 t - an uncursed amulet of guardian spirit
Wands
 j - a wand of confusion (23/48)
 n - a wand of digging (16/24)
 p - a wand of polymorph (14/24)
Scrolls
 a - 2 scrolls of fog
 o - a scroll of amnesia
 v - 3 scrolls of remove curse
 w - 2 scrolls of immolation
 x - a scroll of enchant weapon {unknown}
Potions
 k - 3 potions of brilliance {unknown}
 m - 2 potions of curing
 s - a potion of mutation {unknown}
 u - a potion of agility {unknown}
Books
 e - a book of Geomancy

   Spells                             Type                      Level
   a - Sandblast                      Earth                        1
   b - Passwall                       Transmutation/Earth          2
   c - Stone Arrow                    Conjuration/Earth            3
   d - Petrify                        Transmutation/Earth          4
   e - Lee's Rapid Deconstruction     Earth                        5
Comestibles
 d - 5 bread rations
 g - 2 meat rations
 h - 3 royal jellies
 i - a fruit


   Skills:
 + Level 0.1 Fighting
 + Level 2.9 Dodging
 + Level 2.8 Stealth
 + Level 4.8 Spellcasting
 * Level 1.4 Conjurations
 * Level 2.1 Transmutations
 + Level 4.9 Earth Magic


You had 3 spell levels left.
You knew the following spells:

 Your Spells              Type           Power        Failure   Level  Hunger
a - Sandblast             Erth           ####..       1%          1    None
b - Passwall              Tmut/Erth      ###.......   1%          2    None
c - Stone Arrow           Conj/Erth      ###...       3%          3    ##.....
d - Petrify               Tmut/Erth      ###.....     11%         4    ####...


Dungeon Overview and Level Annotations

Branches:
Dungeon (4/15)
 Temple: D:4-7

Altars:
Cheibriados
Qazlal
Trog
The Shining One


Message History

Confirm with . or Enter, or press ? or * to list all spells.
Aiming: Sandblast
Press: ? - help, Shift-Dir - straight line, f/p - orc wizard
Aim: an orc wizard, wielding a dagger and wearing a robe (fast)
The blast of sand misses the orc wizard.
b - 93 stones The orc wizard casts a spell at you.
The magic dart hits you!
The orc wizard gestures wildly while chanting.
The orc wizard blinks!
The orc wizard closely misses you.
The orc wizard hits you but does no damage.
The orc wizard points at you and mumbles some strange words.
The magic dart hits you!
The orc wizard gestures at you while chanting.
The puff of flame hits you! The fire burns you terribly!
* * * LOW HITPOINT WARNING * * *
The orc wizard casts a spell at you. The magic dart hits you!
You die...

....# ..)..
...... .
....########.
....#.....)[...
#......o#
#######o# #.# #@#
##.## #...# #...#
#...# ###
#...#...
######...#.###.
.##..............
.................


You could see 2 orc wizards.

Vanquished Creatures
  A howler monkey (D:3)
  Ijyb (D:3)
  An orc wizard (D:4)
  2 adders (D:3)
  4 worms
  3 dart slugs
  3 leopard geckos
  5 orcs (D:4)
  A ball python (D:2)
  8 bats
  3 giant cockroaches
  7 goblins
  4 hobgoblins
  7 jackals
  A quokka (D:4)
  6 frilled lizards
  6 kobolds
  3 rats
66 creatures vanquished.

Notes
Turn   | Place    | Note
-------+----------+-------------------------------------------
     0 | D:1      | Linguinho the Deep Elf Earth Elementalist began the quest for the Orb.
     0 | D:1      | Reached XP level 1. HP: 10/10 MP: 6/6
   142 | D:1      | Reached XP level 2. HP: 15/15 MP: 6/8
   158 | D:1      | Found a snail-covered altar of Cheibriados.
   282 | D:1      | Learned a level 2 spell: Passwall
   667 | D:2      | Reached XP level 3. HP: 19/19 MP: 7/10
  1078 | D:2      | Learned a level 3 spell: Stone Arrow
  1456 | D:3      | Found a glowing golden altar of the Shining One.
  1535 | D:3      | Reached XP level 4. HP: 24/24 MP: 4/11
  1573 | D:3      | Found a stormy altar of Qazlal.
  1574 | D:3      | Noticed Ijyb
  1575 | D:3      | Noticed a fire elemental
  1623 | D:3      | HP: 1/24 [adder (2)]
  1957 | D:3      | Noticed a water elemental
  1957 | D:3      | Noticed an air elemental
  1957 | D:3      | Noticed an earth elemental
  1965 | D:3      | Became a worshipper of Qazlal Stormbringer
  1992 | D:3      | Reached skill level 1 in Conjurations
  2257 | D:3      | Killed Ijyb
  2257 | D:3      | Reached XP level 5. HP: 28/28 MP: 14/14
  2330 | D:3      | Found a bloodstained altar of Trog.
  2533 | D:3      | Learned a level 4 spell: Petrify
  2670 | D:4      | Killed from afar by an orc wizard

Skill      XL: |  1  2  3  4  5 |
---------------+----------------+-----
Earth Magic    | 4 |  4.9
Spellcasting   | 4 |  4.8
Conjurations   | 1 |  1.4
Transmutations | 2 |  2.1
Fighting       | |  0.1
Dodging        | |  2.9
Stealth        | |  2.8

Action                   |  1- 3 |  4- 6 || total
-------------------------+-------+-------++-------
Melee: Unarmed           |    15 |    14 ||    29
 Cast: Sandblast         |    48 |    24 ||    72
       Stone Arrow       |     6 |    20 ||    26
       Passwall          |       |     3 ||     3
  Use: Scroll            |       |     7 ||     7
       Potion            |       |     3 ||     3
  Eat: Meat ration       |     1 |       ||     1
       Royal jelly       |       |     1 ||     1
Armor: Robe              |     2 |     5 ||     7
       Skin              |       |     4 ||     4
Dodge: Dodged            |    21 |    29 ||    50
